 Dungeon Crawl Stone Soup version 0.29.1-12-g30fa7ad0bf (webtiles) character file.

Game seed: 5144824104800352613

5504 Tiocfaidh the Covert (level 10, 0/102 HPs)
             Began as an Octopode Delver on Jan 2, 2023.
             Was a Believer of Dithmenos.
             Slain by a hornet (11 damage)
             ... on level 10 of the Dungeon.
             The game lasted 00:47:22 (12287 turns).

Tiocfaidh the Covert (Octopode Delver)             Turns: 12287, Time: 00:47:24

Health: 0/102      AC:  5    Str: 25    XL:     10   Next: 70%
Magic:  26/26      EV: 13    Int: 13    God:    Dithmenos [**....]
Gold:   556        SH:  8    Dex: 13    Spells: 19/19 levels left

rFire   + . .      SeeInvis .   u - +2 flail (protect)
rCold   x . .      Faith    +   b - +0 kite shield
rNeg    + . .      Spirit   .   (helmet restricted)
rPois   .          Reflect  .   z - amulet of faith
rElec   .          Harm     .   j - +4 ring of protection
rCorr   .          Rampage  .   o - ring of fire
Will    .....                   t - +6 ring of strength
Stlth   ..........              H - ring of magical power
HPRegen 0.27/turn               i - ring of wizardry
MPRegen 0.20/turn               w - ring of positive energy
                                h - ring "Fadysa" {Str+3 Slay+4}
                                (no ring)

@: berserking, lethally poisoned (0 -> -4), slowed, wreathed by umbra
A: almost no armour, amphibious, 8 rings, camouflage 1, gelatinous body 1,
(nimble swimmer 1), tentacles
a: Renounce Religion, Shadow Step


You were on level 10 of the Dungeon.
You worshipped Dithmenos.
Dithmenos was pleased with you.
You visited 2 branches of the dungeon, and saw 11 of its levels.

You collected 622 gold pieces.
You spent 66 gold pieces at shops.

Inventory:

Hand Weapons
 d - a +4 vampiric dagger
 u - a +2 flail of protection (weapon)
 C - a +2 mace of holy wrath
Missiles
 v - 2 throwing nets (quivered)
 y - 17 poisoned darts
 K - a silver boomerang
Armour
 b - a +0 kite shield (worn)
Magical Staves
 r - a staff of cold
Jewellery
 h - the ring "Fadysa" (on tentacle) {Str+3 Slay+4}
   (You found it on level 9 of the Dungeon)

   [ring of slaying]

   Str:       It affects your strength (+3).
   Slay:      It affects your accuracy & damage with ranged weapons and melee
   (+4).
 i - a ring of wizardry (on tentacle)
 j - a +4 ring of protection (left tentacle)
 o - a ring of fire (right tentacle)
 t - a +6 ring of strength (on tentacle)
 w - a ring of positive energy (on tentacle)
 z - an amulet of faith (around mantle)
 H - a ring of magical power (on tentacle)
Wands
 f - a wand of digging (3)
 l - a wand of acid (11)
 s - a wand of roots (5)
 A - a wand of paralysis (6)
 B - a wand of flame (24)
Scrolls
 c - 3 scrolls of magic mapping
 e - 2 scrolls of blinking
 p - 3 scrolls of amnesia {unknown}
 E - a scroll of summoning {unknown}
 G - a scroll of acquirement {unknown}
 J - 2 scrolls of enchant armour {unknown}
Potions
 a - a potion of might
 g - 5 potions of curing
 m - 2 potions of brilliance
 n - a potion of invisibility {unknown}
 D - a potion of degeneration {unknown}
 F - 4 potions of magic {unknown}
 I - 2 potions of lignification {unknown}


   Skills:
 + Level 5.8 Fighting
 - Level 3.6(6.7) Axes
 + Level 8.9(9.2) Maces & Flails
 - Level 0.4 Throwing
 + Level 6.3 Dodging
 + Level 11.7 Stealth
 + Level 3.0 Shields
 * Level 5.0 Spellcasting
 - Level 1.1 Evocations


You had 19 spell levels left.
You didn't know any spells.
Your spell library contained the following spells:

 Spells                   Type           Power      Damage    Failure   Level
 Sting                    Tmut/Pois      12%        1d3       22%         1
 Poisonous Vapours        Pois/Air       6%         N/A       32%         2
 Confusing Touch          Hex            3%         N/A       52%         3
 Frozen Ramparts          Ice            6%         1d1       52%         3
 Inner Flame              Hex/Fire       4%         N/A       52%         3
 Cause Fear               Hex            1%         N/A       89%         4
 Ice Form                 Ice/Tmut       3%         N/A       89%         4
 Olgreb's Toxic Radiance  Pois           3%         N/A       89%         4
 Summon Ice Beast         Ice/Summ       3%         N/A       89%         4
 Summon Lightning Spire   Summ/Air       3%         N/A       89%         4
 Alistair's Intoxication  Tmut/Pois      2%         N/A       99%         5
 Borgnjor's Vile Clutch   Necr/Erth      1%         N/A       99%         5
 Yara's Violent Unravell  Hex/Tmut       1%         3d3       99%         5
 Eringya's Noxious Bog    Tmut/Pois      1%         N/A       100%        6
 Enfeeble                 Hex            1%         N/A       100%        7
 Storm Form               Tmut/Air       1%         N/A       100%        7
 Discord                  Hex            1%         N/A       100%        8
 Maxwell's Capacitive Co  Air            1%         ∞         100%        8


Dungeon Overview and Level Annotations

Branches:
Dungeon (10/15)            Temple (1/1) D:7
   Lair: D:8-11         Orc: D:9-12

Altars:
Cheibriados
Dithmenos
Elyvilon
Fedhas
Gozag
Kikubaaqudgha
Makhleb
Qazlal
Sif Muna
Trog
Uskayaw
Vehumet
Wu Jian
Yredelemnul
Zin
The Shining One

Shops:
D:2 :?[   D:7 *

Annotations:
D:3 Natasha


Innate Abilities, Weirdness & Mutations

You cannot wear most types of armour.
You are amphibious.
You can wear up to eight rings at the same time.
Your skin changes colour to match your surroundings (Stealth+).
Your rubbery body absorbs attacks. (AC +1, EV +1)
((You are camouflaged when in or above water. (Stealth+)))
You have tentacles for arms and can constrict up to eight enemies at once.


Message History

There is a stone staircase leading up here.
There is an open door here.
There is a stone staircase leading down here.
You climb downwards.
There is a stone staircase leading up here.
An orc comes into view. It is wielding a +0 whip.
An orc priest and a hornet come into view.
Found a stone staircase leading down.
An orc comes into view.
It is wielding a +2 mace of draining and wearing a +2 leather armour of cold resistance.
An orc comes into view. It is wielding a +0 short sword.
The helpless orc fails to defend itself.
You bludgeon the orc!!
Your weapon exudes an aura of protection.
You kill the orc!
Dithmenos accepts your kill.
The orc shouts!
The hornet buzzes angrily.
You block the hornet's attack.
The orc priest shouts!
You miss the hornet. You grab the hornet. You squeeze the hornet.
The hornet is lightly wounded.
You constrict the hornet. You block the hornet's attack. The hornet stings you!
You are poisoned.
You suddenly lose the ability to move!
You lose your grip on the hornet.
You feel very sick. The hornet stings you!
You shrug off the repeated paralysis!
The orc priest hits you with a +0 hand axe.
The orc hits you with a +0 short sword.
You feel sick. The hornet stings you!
You feel yourself slow down. The hornet stings you!
* * * LOW HITPOINT WARNING * * *
You feel as though you will be slow longer.
You can move again.
A red film seems to cover your vision as you go berserk!
You feel yourself moving faster!
You feel mighty!
You feel sick. You block the hornet's attack.
The orc priest calls down the wrath of Beogh upon you.
Beogh smites you!
* * * LOW HITPOINT WARNING * * *
You block the orc's attack. The hornet stings you!
You die...

##### #...
####.#########
######............#
+.<.##......oo....#
###.........@y....#
####......o.....#
####..)......#
#.........#
#.........#
######.#### .# ##


You could see a hornet, an orc priest and 2 orcs.

Vanquished Creatures
  The ghost of Taurus the Cleaver, a novice MiFi of the Shining One (D:8)
  Psyche (D:8)
  A troll (D:9)
  A hornet (D:8)
  4 yaks
  2 steam dragons
  An acid dragon (D:9)
  A water moccasin (D:8)
  2 orc warriors
  2 sky beasts (D:7)
  2 black bears
  A centaur (D:8)
  4 kobold brigands
  Blork the orc (D:5)
  4 bullfrogs
  3 gnoll sergeants
  A necrophage (D:4)
  A scorpion (D:6)
  9 wights
  4 killer bees (D:8)
  An electric eel (D:8)
  A howler monkey (D:8)
  A gnoll bouda (D:6)
  3 hounds
  4 orc priests
  A jelly (D:5)
  Crazy Yiuf (D:6)
  Natasha (twice) (D:3)
  An iguana (D:6)
  5 orc wizards
  Robin (D:3)
  20 gnolls
  8 adders
  A shadow imp (D:7)
  An ufetubus (D:6)
  3 dart slugs
  21 orcs
  9 ball pythons
  9 endoplasms
  A giant cockroach (D:2)
  6 goblins
  13 hobgoblins
  4 jackals (D:2)
  19 kobolds
  4 quokkas
  10 bats
  A frilled lizard (D:1)
  5 rats
202 creatures vanquished.

Vanquished Creatures (others)
  An acid dragon (D:8)
  16 demonic plants (D:3)
  16 fungi (D:3)
  9 plants (D:3)
  9 withered plants (D:3)
51 creatures vanquished.

Grand Total: 253 creatures vanquished

Notes
Turn   | Place    | Note
-------+----------+-------------------------------------------
     0 | D:5      | Tiocfaidh the Octopode Delver began the quest for the Orb.
     0 | D:5      | Reached XP level 1. HP: 16/16 MP: 1/1
    42 | D:5      | Noticed a hound
   205 | D:4      | Reached skill level 7 in Stealth
   205 | D:4      | Reached XP level 2. HP: 21/21 MP: 2/2
   258 | D:4      | Noticed a scorpion
   578 | D:2      | Reached XP level 3. HP: 18/26 MP: 3/3
   707 | D:2      | Identified the +4 dagger of Sarghah {speed, Fly Str-5
                  | Int+5}
   757 | D:2      | Found Tun Eli's Book Shoppe.
  1671 | D:2      | Reached XP level 4. HP: 31/31 MP: 4/4
  1714 | D:2      | Found Qameon's Armour Shoppe.
  1738 | D:2      | Found Wiriguett's Magic Scroll Boutique.
  1749 | D:2      | Bought a scroll of identify for 22 gold pieces
  1749 | D:2      | Bought a scroll of identify for 22 gold pieces
  1749 | D:2      | Bought a scroll of identify for 22 gold pieces
  1887 | D:2      | Noticed an ogre
  2083 | D:3      | Noticed Natasha
  2090 | D:3      | Killed Natasha
  2091 | D:3      | Reached skill level 8 in Stealth
  2222 | D:3      | Reached XP level 5. HP: 36/36 MP: 5/5
  2357 | D:3      | Noticed Robin
  2819 | D:3      | Noticed Natasha
  2879 | D:3      | Killed Natasha
  2931 | D:3      | Noticed Natasha
  3159 | D:3      | Found a faded altar of an unknown god.
  3223 | D:3      | Killed Robin
  3224 | D:3      | Reached XP level 6. HP: 42/42 MP: 6/6
  3577 | D:4      | Reached skill level 1 in Maces & Flails
  4150 | D:5      | Noticed Blork the orc
  4160 | D:5      | Killed Blork the orc
  4306 | D:5      | Noticed a black bear
  4438 | D:5      | Killed a black bear
  4439 | D:5      | Reached skill level 9 in Stealth
  4439 | D:5      | Reached XP level 7. HP: 43/47 MP: 7/7
  4553 | D:6      | Noticed a yak
  4553 | D:6      | Noticed a yak
  4553 | D:6      | Noticed a yak
  5039 | D:6      | Noticed a yak
  5078 | D:5      | Reached XP level 8. HP: 5/41 MP: 8/8
  5660 | D:6      | Found a runed translucent door.
  5661 | D:6      | Noticed Crazy Yiuf
  5668 | D:6      | Killed Crazy Yiuf
  5682 | D:6      | Reached skill level 1 in Evocations
  6038 | D:7      | Found Cyotin's General Store.
  6499 | D:7      | Reached skill level 5 in Maces & Flails
  6609 | D:7      | Reached skill level 1 in Spellcasting
  6612 | D:7      | Reached skill level 10 in Stealth
  6768 | D:7      | Reached skill level 1 in Shields
  6825 | D:7      | Found a staircase to the Ecumenical Temple.
  6894 | Temple   | Entered the Ecumenical Temple
  6902 | Temple   | Became a worshipper of Dithmenos the Shadowed
  7457 | D:7      | Reached XP level 9. HP: 41/59 MP: 12/12
  8126 | D:8      | Noticed a hornet
  8411 | D:8      | Found a runed translucent gate.
  8411 | D:8      | Found a runed translucent gate.
  9480 | D:7      | Reached skill level 11 in Stealth
  9688 | D:7      | Reached skill level 5 in Fighting
  9958 | D:8      | Noticed Psyche
  9976 | D:8      | Reached skill level 5 in Dodging
 10024 | D:8      | Killed Psyche
 10348 | D:8      | Noticed Taurus's ghost (novice MiFi)
 10355 | D:8      | Found a runed translucent gate.
 10464 | D:8      | Reached XP level 10. HP: 37/66 MP: 16/16
 10834 | D:8      | Reached * piety under Dithmenos
 10852 | D:8      | Killed Taurus's ghost
 11115 | D:9      | Identified the ring "Fadysa" {Str+3 Slay+4}
 11686 | D:9      | Reached ** piety under Dithmenos
 12046 | D:9      | Found a blossoming altar of Fedhas.
 12049 | D:9      | Found a radiant altar of Vehumet.
 12056 | D:9      | Found a burning altar of Makhleb.
 12058 | D:9      | Found a snail-covered altar of Cheibriados.
 12058 | D:9      | Found a stormy altar of Qazlal.
 12058 | D:9      | Found a white marble altar of Elyvilon.
 12059 | D:9      | Found an ornate altar of the Wu Jian Council.
 12062 | D:9      | Found a basalt altar of Yredelemnul.
 12146 | D:9      | Reached skill level 5 in Spellcasting
 12272 | D:10     | Entered Level 10 of the Dungeon
 12284 | D:10     | Paralysed by a hornet for 3 turns
 12287 | D:10     | Slain by a hornet

Illustrated notes

Levels and vault maps discovered:
D:1:      minmay_arrival_wavy_path, layout_basic
D:2:      layout_rooms, serial_shops, nicolae_shop_trees, shop,
          nicolae_shop_crystal, roderic_lattice_a, lightli_corner_chamber
D:3:      layout_rooms, shapermc_ecumenical_altar_gd, amethyst_killhole,
          uniq_natasha, uniq_robin
D:4:      layout_basic
D:5:      layout_basic, uniq_blork_the_orc
D:6:      layout_basic, lightli_minifort, uniq_crazy_yiuf_cottage
D:7:      layout_basic, minmay_temple_entry_tees, serial_shops,
          nicolae_shop_temple_entry_statues_fountains, kennysheep_donut,
          hex_medium
D:8:      layout_basic, gammafunk_ghost_split, fountainhead,
          minmay_misc_feat_plants, uniq_psyche
D:9:      layout_stronghold, minitemple
D:10:     layout_roguey, lair_entry_dummy, lightli_elemental_guards
Temple:   nicolae_temple_two_arcs

Skill      XL: |  1  2  3  4  5  6  7  8  9 10 |
---------------+-------------------------------+-----
Stealth        | 7 8 9 10 11 | 11.7
Axes           | 3 |  3.6
Dodging        | 3 4 5 6 |  6.3
Maces & Flails | 2 4 6 8 |  8.9
Fighting       | 4 5 |  5.8
Evocations     | 1 |  1.1
Spellcasting   | 2 4 5 |  5.0
Shields        | 1 2 3 |  3.0
Throwing       | |  0.4

Action                   |  1- 3 |  4- 6 |  7- 9 | 10-12 || total
-------------------------+-------+-------+-------+-------++-------
Melee: Hand axe          |    64 |    67 |       |       ||   131
       Tentacles         |     9 |    21 |    54 |    22 ||   106
       Constrict         |    13 |    27 |    38 |    24 ||   102
       Flail             |       |    59 |   213 |    89 ||   361
       Punch             |       |     1 |     3 |       ||     4
       Dagger            |       |       |    18 |       ||    18
Throw: Dart              |       |     2 |    22 |     1 ||    25
       Boomerang         |       |       |    12 |       ||    12
Evoke: Wand              |       |     2 |     4 |       ||     6
  Use: Scroll            |       |     3 |    12 |     2 ||    17
       Potion            |       |     2 |     6 |     4 ||    12
 Stab: Sleeping          |    11 |    12 |    12 |     4 ||    39
       Distracted        |       |     2 |     1 |       ||     3
       Paralysed         |       |     2 |     2 |       ||     4
Armor: Skin              |    16 |    31 |    61 |    16 ||   124
Dodge: Dodged            |    46 |    52 |   142 |    45 ||   285
Block: Buckler           |     1 |     9 |    30 |       ||    40
       Kite shield       |       |       |    16 |    39 ||    55
